 Dungeon Crawl Stone Soup version 0.31.0-11-ge490571c62 (webtiles) character file.

Game seed: 1552206361416976968

360478 Zeia the Metallomancer (level 23, -3/170 (180) HPs)
             Began as a Djinni Conjurer on Jan 27, 2024.
             Was an Initiate of Gozag.
             Slain by a frost giant
             ... wielding a +1 battleaxe of freezing
              (29 damage)
             ... on level 5 of the Vaults.
             The game lasted 03:42:41 (47663 turns).

Zeia the Metallomancer (Djinni Conjurer)           Turns: 47663, Time: 03:42:43

HP:   -3/170 (180)  AC: 25    Str:  4    XL:     23   Next: 47%
Gold: 9681          EV:  9    Int: 44    God:    Gozag SH: 21 Dex: 14

rFire   + + +        W - +3 Elemental Staff {ele, rElec rF+ rC+ AC+3}
rCold   + . .        B - +2 tower shield {reflect}
rNeg    . . .        w - +3 ring mail {rF+}
rPois   ∞            P - +5 hat "Fudemy" {rPois Int+3}
rElec   +            y - +2 cloak {rCorr}
rCorr   +            D - +2 pair of gloves
SInv    .            (boots unavailable)
Will    +++++        R - amulet "Myrchyw" {rC+ Regen+}
Stlth   +            f - +6 ring of intelligence
HPRegen 1.28/turn    X - ring of Wuzuav {+Blink rC- Will+++ Str-2 Int+6}
MPRegen 0.00/turn

%: reflection, infuse magic (-4 HP)
@: about to teleport, resistant, gold aura, flying, hasted, studying 4 skills,
drained, very quick
A: sickness immunity, fire resistance 2, cold vulnerability 1, float, innate
caster, HP casting, extra vitality 1
}: 2/15 runes: serpentine, barnacled
a: Renounce Religion, Evoke Blink, Potion Petition, Call Merchant, Bribe Branch


You were on level 5 of the Vaults.
You worshipped Gozag.
Gozag was greatly pleased with you.
You visited 7 branches of the dungeon, and saw 36 of its levels.
You visited 1 bazaar.
You also visited: Ossuary, Ice Cave and Volcano.

You collected 16824 gold pieces.
You spent 4010 gold pieces at shops.
You paid 3133 gold pieces to Gozag.

Inventory:

Hand Weapons
 H - the +8 lance "Wyrmbane" {slay drac, rPois rF+ rC+ AC+3}
   (You found it on level 5 of the Lair of Beasts)

   AC+3:      It affects your AC (+3).
   rF+:       It protects you from fire.
   rC+:       It protects you from cold.
   rPois:     It protects you from poison
 W - the +3 Elemental Staff (weapon) {ele, rElec rF+ rC+ AC+3}
   (You bought it in a shop on level 9 of the Dungeon)

   AC+3:      It affects your AC (+3).
   rF+:       It protects you from fire.
   rC+:       It protects you from cold.
   rElec:     It insulates you from electricity.
Missiles
 u - 9 throwing nets
Armour
 l - the +1 plate armour of Uvom {Regen+}
   (You bought it in a shop on level 1 of the Dungeon)

   Regen+:    It increases your rate of health regeneration.
 w - a +3 ring mail of fire resistance (worn)
 y - a +2 cloak of preservation (worn)
 B - a +2 tower shield of reflection (worn)
 D - a +2 pair of gloves (worn)
 P - the +5 hat "Fudemy" (worn) {rPois Int+3}
   (You found it on level 3 of the Shoals)

   Int+3:     It affects your intelligence (+3).
   rPois:     It protects you from poison
 U - a +2 kite shield of protection
Jewellery
 f - a +6 ring of intelligence (left hand)
 x - the ring "Biastenn" {Wiz Dex+2}
   (You took it off a naga on level 4 of the Snake Pit)

   [ring of wizardry]

   Wiz:       It improves your spell success rate.
   Dex+2:     It affects your dexterity (+2).
 M - a ring of ice
 O - a ring of see invisible
 R - the amulet "Myrchyw" (around neck) {rC+ Regen+}
   (You bought it in a shop on level 3 of the Dungeon)

   [amulet of regeneration]

   rC+:       It protects you from cold.
   Regen+:    It increases your rate of health regeneration.
 S - a +6 ring of strength
 V - a +6 ring of dexterity
 X - the ring of Wuzuav (right hand) {+Blink rC- Will+++ Str-2 Int+6}
   (You bought it in a shop in a bazaar)

   [ring of intelligence]

   Str-2:     It affects your strength (-2).
   Int+6:     It affects your intelligence (+6).
   rC-:       It makes you vulnerable to cold.
   Will+++:   It greatly increases your willpower.
   +Blink:    It lets you blink.
Wands
 a - a wand of charming (19)
 p - a wand of mindburst (20)
 r - a wand of flame (70)
 s - a wand of roots (32)
 G - a wand of digging (6)
 N - a wand of polymorph (10)
Scrolls
 c - 6 scrolls of fear
 d - 25 scrolls of identify
 h - 11 scrolls of poison
 q - 2 scrolls of teleportation
 t - a scroll of butterflies
 v - 5 scrolls of enchant armour
 z - 3 scrolls of blinking
 A - 7 scrolls of fog
 E - 3 scrolls of enchant weapon
 J - 8 scrolls of vulnerability
 Q - a scroll of brand weapon
Potions
 b - 7 potions of brilliance
 e - 5 potions of mutation
 g - 15 potions of curing
 i - 6 potions of haste
 j - 6 potions of resistance
 k - 5 potions of heal wounds
 m - 4 potions of berserk rage
 n - 3 potions of lignification
 o - 6 potions of might
 C - 2 potions of ambrosia
 F - 2 potions of invisibility
 I - 5 potions of enlightenment
 K - 4 potions of magic {unknown}
 T - a potion of cancellation
Miscellaneous
 L - a box of beasts
 Y - a lightning rod (4/4)
 Z - a condenser vane


   Skills:
 - Level 20.0 Fighting
 - Level 2.0 Short Blades
 + Level 5.9 Staves
 - Level 11.4 Armour
 - Level 16.4 Dodging
 - Level 1.5 Stealth
 - Level 16.5 Shields
 + Level 18.6 Spellcasting
 + Level 22.5 Conjurations
 + Level 18.6 Hexes
   Level 0.0 Charms
 + Level 18.6 Summonings
 + Level 18.6 Necromancy
 + Level 18.6 Translocations
   Level 0.0 Transmutations
 + Level 18.6 Fire Magic
 + Level 23.3 Ice Magic
 + Level 18.6 Air Magic
 + Level 24.7 Earth Magic
 + Level 18.6 Alchemy
 + Level 6.5 Evocations


You knew the following spells:

 Your Spells              Type           Power      Damage    Failure   Level
a - Magic Dart            Conj           100%       1d8       0%          1
b - Searing Ray           Conj           100%       2d8       0%          2
c - Fulminant Prism       Conj/Alch      61%        3d26      1%          4
d - Iskenderun's Mystic   Conj/Tloc      100%       2d19      1%          4
e - Shock                 Conj/Air       100%       1d9       0%          1
f - Ensorcelled Hibernat  Hex/Ice        100%       N/A       0%          2
g - Summon Ice Beast      Ice/Summ       100%       N/A       0%          3
h - Vampiric Draining     Necr           100%       2d13      1%          3
i - Silence               Hex/Air        70%        N/A       1%          5
j - Arcjolt               Conj/Air       73%        1d83      1%          5
k - Dispersal             Tloc           58%        N/A       1%          6
l - Orb of Destruction    Conj           63%        9d15      2%          7
m - Monstrous Menagerie   Summ           58%        N/A       11%         7
n - Discord               Hex            58%        N/A       63%         8
o - Haunt                 Necr/Summ      58%        N/A       11%         7
Your spell library was empty.

Dungeon Overview and Level Annotations

Branches:
Dungeon (15/15)            Temple (1/1) D:5            Lair (5/5) D:10
 Shoals (4/4) Lair:2        Snake (4/4) Lair:3        Slime (0/5) Lair:5
    Orc (2/2) D:9             Elf (0/3) Orc:2        Vaults (5/5) D:13
  Crypt (0/3) Vaults:3     Depths (0/4) D:15        Ossuary (visited)
  IceCv (visited)         Volcano (visited)

Altars:
Ashenzari
Cheibriados
Dithmenos
Elyvilon
Fedhas
Gozag
Hepliaklqana
Makhleb
Nemelex Xobeh
Okawaru
Qazlal
Ru
Trog
Uskayaw
Wu Jian
Xom
Yredelemnul
Zin
The Shining One
Lugonu

Shops:
D:1 ??*([   D:3 =   D:5 *   D:9 (   D:12 *   Orc:2 [(?(   Lair:2 ?*   Lair:3 =
Snake:1 *[   Snake:3 ([!(   Vaults:3 ?

Portals:
Abyss: Lair:5

Annotations:
Snake:1 2 runed translucent doors, Akuuror's ghost, adept GrFi
Orc:1 3 runed translucent doors, Rygut's ghost, journeyman DrFi; kernmantle's ghost, journeyman OpWn
Vaults:1 Donald


Innate Abilities, Weirdness & Mutations

You are immune to sickness and miasma.
You are immune to poison.
Your flesh is very heat resistant. (rF++)
You are vulnerable to cold. (rC-)
You float through the air rather than walking.
You learn spells naturally, not from books.
Your magical power is your life essence.
You have superior vitality. (+4 MHP)


Message History

You blow up the stone giant!
The frost giant gestures at you while chanting.
The bolt of cold hits you. You resist.
* * * LOW HITPOINT WARNING * * *
Casting: Orb of Destruction (dangerous; 2% risk of failure)
Confirm with . or Enter, or press ? or * to list all spells.
You can't see any susceptible monsters within range! (Use Z to cast anyway.) Unknown command.
Unknown command.
Casting: Orb of Destruction (dangerous; 2% risk of failure)
Confirm with . or Enter, or press ? or * to list all spells.
You can't see any susceptible monsters within range! (Use Z to cast anyway.) Unknown command.
Casting: Orb of Destruction (dangerous; 2% risk of failure)
Confirm with . or Enter, or press ? or * to list all spells.
You can't see any susceptible monsters within range! (Use Z to cast anyway.)
As you read the scroll of teleportation, it crumbles to dust.
You feel strangely unstable.
The titan is distracted by your dazzling golden aura.
Unknown command.
The titan is no longer distracted by gold.
The frost giant attacks as it pursues you!
The frost giant hits you but does no damage.
Casting: Orb of Destruction (dangerous; 2% risk of failure)
Confirm with . or Enter, or press ? or * to list all spells.
You feel a surge of power!
Electricity surges outward!
The frost giant is struck by an electric surge!!!
The frost giant is severely wounded.
* * * LOW HITPOINT WARNING * * *
Unknown command.
Found the Disquisition on Beguiling Formulae.
The titan attacks as it pursues you! The titan hits you but does no damage.
Found 29 gold pieces.
The titan waves its arms in wide circles.
The air twists around and strikes you!!
* * * LOW HITPOINT WARNING * * *
The frost giant attacks as it pursues you!
The frost giant hits you with a +1 battleaxe of freezing!!
You die...
Your body crumbles into a pile of gold.

. ..
...###################
..........$.(........
#.#.#.#.#$#.#.#.#.#.#.#
#.....C.e.W..$$........
#.#.##C##.$##.##..##.##
#@##..##.# ..#
#...[......). ....
#.$.##.##..##.##..##.
#.# #.##..##e# .W# # #
... ##.# ... #.# .. ..#
#:# #.#


You could see a titan and a frost giant.

Vanquished Creatures
  Mara (Shoals:3)
  Vashnia (Snake:2)
  A golden dragon (Vaults:4)
  Nikola (Shoals:3)
  Mlioglotl (Snake:2)
  Jorgrun (Orc:2)
  A tentacled monstrosity (Vaults:4)
  Asterion (Snake:1)
  A lich (Vaults:2)
  4 sphinxes
  Polyphemus (Shoals:3)
  Frances (D:12)
  Roxanne (Shoals:2)
  Aizul (Snake:1)
  Ilsuiw (Shoals:3)
  6 nagarajas
  A deep elf sorcerer (Vaults:4)
  12 vault wardens
  The ghost of Glennnyy the Warrior, an adept GrFi of Fedhas (Shoals:3)
  A frost giant (Vaults:3)
  Louise (Snake:1)
  3 formless jellyfish
  19 ironbound preservers
  A stone giant (Vaults:5)
  4 orc warlords
  A deep elf demonologist (Vaults:5)
  7 ironbound thunderhulks
  A vampire knight (Vaults:3)
  2 deep elf annihilators (Vaults:2)
  8 dire elephants
  Azrael (D:12)
  Snorg (D:13)
  10 merfolk impalers
  6 merfolk javelineers (Shoals:4)
  2 ettins
  A crystal guardian (Vaults:2)
  An entropy weaver (Vaults:1)
  5 yaktaur captains
  Josephine (Orc:2)
  28 vault guards
  2 salamander tyrants (Snake:4)
  4 great orbs of eyes
  A peacekeeper (Vaults:2)
  Erolcha (D:11)
  19 anacondas
  4 ogre magi
  3 hydras
  9 merfolk aquamancers
  An alligator snapping turtle (Shoals:4)
  11 ironbound frosthearts
  2 catoblepae
  15 centaur warriors
  2 merfolk avatars
  4 boulder beetles
  16 death yaks
  21 two-headed ogres
  4 thrashing horrors (Lair:5)
  3 satyrs
  18 naga warriors
  2 orc high priests (Vaults:2)
  An occultist (D:15)
  Urug (Orc:1)
  7 shock serpents
  Nergalle (D:12)
  16 naga sharpshooters
  Sonja (D:12)
  5 salamander mystics (Snake:4)
  7 skysharks
  3 skeletal warriors (Volcano)
  19 mana vipers
  41 deep trolls
  12 sea snakes
  7 arcanists
  Lodul (D:10)
  2 orb spiders (shapeshifter)
  13 naga ritualists
  2 anaconda skeletons (Volcano)
  31 harpies
  5 lindwurms
  15 ironbound convokers
  2 deep elf pyromancers (D:14)
  13 orc knights
  7 ugly things
  8 cyclopes
  11 fauns
  A meliai (shapeshifter) (D:15)
  22 salamanders
  An alligator skeleton (Volcano)
  11 manticores
  2 orc sorcerers
  3 smoke demons (Lair:5)
  47 black mambas
  7 merfolk sirens
  19 naga magi
  4 water nymphs
  2 kobold blastminers (Orc:2)
  14 elephants
  6 guardian serpents
  An ice statue (IceCv)
  A centaur zombie (D:9)
  A large abomination (Lair:5)
  8 cane toads
  15 vault sentinels
  7 gargoyles
  A freezing wraith (D:15)
  A rime drake (shapeshifter) (D:15)
  12 komodo dragons
  An efreet (D:15)
  32 yaktaurs
  A rime drake (IceCv)
  A queen bee (shapeshifter) (Lair:5)
  Psyche (D:10)
  27 merfolk
  3 wind drakes
  14 polar bears
  9 trolls
  A harpy skeleton (Volcano)
  10 snapping turtles
  2 raiju (Lair:5)
  19 dream sheep
  14 blink frogs
  4 meliai zombies (D:9)
  A dream sheep (shapeshifter) (Vaults:5)
  45 slime creatures
  3 wyverns
  5 water elementals
  4 shadows
  8 vampires
  2 basilisks
  4 fire elementals (D:12)
  2 ynoxinuls (Lair:5)
  12 wraiths
  40 yaks
  2 redbacks (Vaults:1)
  Menkaure (Ossuary)
  2 wargs
  11 vampire mosquitoes
  A swamp worm (shapeshifter) (Vaults:3)
  47 nagas
  11 small abominations (Lair:5)
  9 water moccasins
  An acid dragon (D:11)
  A hell hound (D:12)
  15 orc warriors
  An ice beast (D:7)
  2 sky beasts
  2 black bears (Lair:3)
  4 boggarts (D:15)
  28 ogres
  4 laughing skulls
  27 wolves
  5 centaurs
  3 phantoms (D:9)
  A kobold brigand (D:9)
  A weeping skull (Volcano)
  2 bullfrogs (Lair:1)
  Blork the orc (D:4)
  An elf zombie (Ossuary)
  22 wights
  2 scorpions
  A troll zombie (Ossuary)
  17 killer bees
  A spriggan skeleton (Volcano)
  3 howler monkeys
  17 orc priests
  5 jellies
  A sleepcap (D:6)
  2 iguanas
  2 gnoll boudas
  28 orc wizards
  2 ogre zombies (Ossuary)
  A naga skeleton (Volcano)
  6 mummies (Ossuary)
  11 gnolls
  2 adders
  A white imp (D:4)
  2 adder zombies (Ossuary)
  A dart slug (D:4)
  69 orcs
  6 ball pythons
  6 bats
  7 endoplasms
  2 giant cockroaches
  A gnoll zombie (Ossuary)
  5 goblins
  2 hobgoblins
  2 quokkas
  A frilled lizard (D:2)
  3 goblin zombies (Ossuary)
  3 hobgoblin zombies (Ossuary)
  8 kobolds
  4 kobold zombies (Ossuary)
  2 quokka zombies (Ossuary)
  5 rats
  3 rat zombies (Ossuary)
  2 fulminant prisms
1407 creatures vanquished.

Vanquished Creatures (collateral kills)
  An ironbound thunderhulk (Vaults:4)
  A hydra (D:14)
  3 vault guards (Vaults:5)
  A shock serpent (shapeshifter) (D:15)
  2 shock serpents
  A skeletal warrior (D:9)
  An ugly thing (Lair:5)
  3 cyclopes
  2 centaur zombies (D:9)
  3 black mambas
  A cane toad (Lair:1)
  A komodo dragon (Lair:4)
  A troll (D:14)
  2 hornets (D:9)
  2 blink frogs (Lair:1)
  Grinder (D:4)
  A water elemental (D:12)
  2 wraiths
  3 wyverns
  5 yaks
  A steam dragon (D:6)
  A vampire mosquito (D:11)
  2 basilisks
  5 water moccasins
  2 ogres (D:10)
  2 orc warriors
  4 wolves
  4 centaurs
  A phantom (D:9)
  A kobold brigand (D:7)
  5 bullfrogs
  A scorpion (D:4)
  2 wights (D:9)
  4 killer bees
  4 electric eels (D:12)
  A howler monkey (D:5)
  2 bombardier beetles (D:4)
  3 hounds (D:6)
  5 orc priests
  A jelly (D:5)
  2 sleepcaps
  2 orc wizards
  2 ogre zombies (Ossuary)
  4 gnolls
  5 adders
  2 shadow imps
  A white imp (D:6)
  2 ufetubi (D:5)
  2 adder zombies (Ossuary)
  10 orcs
  An endoplasm (D:4)
  A goblin (D:4)
  2 hobgoblins (D:4)
  5 kobolds
  A quokka (D:5)
  2 goblin zombies (Ossuary)
  A hobgoblin zombie (Ossuary)
  A quokka zombie (Ossuary)
134 creatures vanquished.

Vanquished Creatures (others)
  A vault guard (Vaults:5)
  A sea snake (Shoals:3)
  A guardian serpent (Snake:4)
  An electric eel (D:12)
  231 fulminant prisms
235 creatures vanquished.

Grand Total: 1776 creatures vanquished

Notes
Turn   | Place    | Note
-------+----------+-------------------------------------------
     0 | D:1      | Zeia the Djinni Conjurer began the quest for the Orb.
     0 | D:1      | Zeia set off with the following spells memorised: Magic
                  | Dart, Searing Ray, Fulminant Prism, Iskenderun's Mystic
                  | Blast.
     0 | D:1      | Reached XP level 1. HP: 15/15 MP: 0/0
    49 | D:1      | Found Wakot's Magic Scroll Shoppe.
   195 | D:1      | Reached XP level 2. HP: 21/22 MP: 0/0
   212 | D:1      | Reached skill level 1 in Fighting
   230 | D:1      | Found Rom Lute's General Store.
   308 | D:1      | Found Emuphagi's Magic Scroll Boutique.
   412 | D:1      | Found Zerogale's Antique Weapon Emporium.
   564 | D:1      | Found Ravur's Armour Shoppe.
   959 | D:2      | Reached XP level 3. HP: 21/27 MP: 0/0
   959 | D:2      | Learned a level 1 spell: Shock
  1579 | D:3      | Reached skill level 4 in Earth Magic
  1700 | D:3      | Found Povir's Jewellery Shoppe.
  1753 | D:3      | Found a basalt altar of Yredelemnul.
  1909 | D:3      | Reached XP level 4. HP: 17/33 MP: 0/0
  2351 | D:4      | Noticed a scorpion
  2358 | D:4      | Killed a scorpion
  2359 | D:4      | Reached XP level 5. HP: 34/40 MP: 0/0
  2359 | D:4      | Learned a level 2 spell: Ensorcelled Hibernation
  2487 | D:4      | Noticed Blork the orc
  2496 | D:4      | Killed Blork the orc
  2497 | D:4      | Reached XP level 6. HP: 25/46 MP: 0/0
  2504 | D:4      | Noticed Grinder
  2573 | D:4      | Found a hazy altar of Hepliaklqana.
  2674 | D:4      | Found a sand-covered staircase.
  2683 | Ossuary  | Entered an ossuary
  3271 | Ossuary  | Noticed Menkaure
  3278 | Ossuary  | Killed Menkaure
  3279 | Ossuary  | Reached skill level 5 in Spellcasting
  3279 | Ossuary  | Reached skill level 5 in Conjurations
  3279 | Ossuary  | Reached skill level 5 in Hexes
  3279 | Ossuary  | Reached skill level 5 in Summonings
  3279 | Ossuary  | Reached skill level 5 in Necromancy
  3279 | Ossuary  | Reached skill level 5 in Translocations
  3279 | Ossuary  | Reached skill level 5 in Fire Magic
  3279 | Ossuary  | Reached skill level 5 in Ice Magic
  3279 | Ossuary  | Reached skill level 5 in Air Magic
  3279 | Ossuary  | Reached skill level 5 in Earth Magic
  3279 | Ossuary  | Reached skill level 5 in Alchemy
  3279 | Ossuary  | Reached XP level 7. HP: 21/53 MP: 0/0
  3279 | Ossuary  | Learned a level 3 spell: Summon Ice Beast
  3914 | D:4      | Reached skill level 5 in Fighting
  4133 | D:4      | Reached XP level 8. HP: 34/59 MP: 0/0
  4375 | D:4      | Reached skill level 5 in Dodging
  4848 | D:4      | Killed Grinder
  4849 | D:4      | Reached skill level 6 in Earth Magic
  4960 | D:5      | Entered Level 5 of the Dungeon
  4961 | D:5      | Found a staircase to the Ecumenical Temple.
  4970 | Temple   | Entered the Ecumenical Temple
  5145 | D:5      | Found a sacrificial altar of Ru.
  5179 | D:5      | Reached XP level 9. HP: 56/67 MP: 0/0
  5179 | D:5      | Learned a level 3 spell: Vampiric Draining
  5517 | D:5      | Found Sodghejen's Lightly-Used Armoury.
  5609 | D:5      | Reached skill level 7 in Earth Magic
  5763 | D:6      | Identified the +1 rapier "Jelepsiawo" {heavy, Will+}
  6030 | D:6      | Found a bloodstained altar of Trog.
  6855 | D:7      | Reached skill level 8 in Earth Magic
  7027 | D:7      | Found a shimmering altar of Xom.
  7058 | D:7      | Reached XP level 10. HP: 65/76 MP: 0/0
  8037 | D:8      | Reached skill level 9 in Earth Magic
  9405 | D:9      | Reached skill level 10 in Earth Magic
  9405 | D:9      | Reached XP level 11. HP: 81/84 MP: 0/0
  9405 | D:9      | Learned a level 5 spell: Silence
  9435 | D:9      | Found an opulent altar of Gozag.
  9446 | D:9      | Became a worshipper of Gozag Ym Sagoz the Greedy
  9493 | D:9      | Reached skill level 10 in Dodging
  9703 | D:9      | Reached skill level 10 in Fighting
  9703 | D:9      | Reached skill level 1 in Short Blades
 11027 | D:3      | Bought the amulet "Myrchyw" {rC+ Regen+} for 572 gold
                  | pieces
 11406 | D:9      | Found a staircase to the Orcish Mines.
 11463 | D:9      | Found Feuffur's Weapon Emporium.
 11542 | D:9      | Reached XP level 12. HP: 86/94 MP: 0/0
 11619 | D:9      | Noticed a skeletal warrior
 11634 | D:9      | Killed a skeletal warrior
 11635 | D:9      | Reached skill level 1 in Armour
 11749 | D:9      | Reached skill level 11 in Earth Magic
 12025 | D:10     | Entered Level 10 of the Dungeon
 12169 | D:10     | Noticed Psyche
 12182 | D:10     | Killed Psyche
 12364 | D:10     | Found a staircase to the Lair.
 12546 | D:10     | Noticed a two-headed ogre
 12550 | D:10     | Killed a two-headed ogre
 12558 | D:10     | Noticed a two-headed ogre
 12586 | D:10     | Killed a two-headed ogre
 12774 | D:10     | Found a hide-covered altar of Uskayaw.
 12828 | D:10     | Noticed Lodul
 13089 | D:10     | Killed Lodul
 13187 | D:9      | Bought the +3 Elemental Staff {ele, rElec rF+ rC+ AC+3} for
                  | 799 gold pieces
 13187 | D:9      | Found the +3 Elemental Staff {ele, rElec rF+ rC+ AC+3}
 13236 | Lair:1   | Entered Level 1 of the Lair of Beasts
 13304 | Lair:1   | Reached skill level 5 in Armour
 13451 | Lair:1   | Reached skill level 12 in Earth Magic
 13479 | Lair:1   | Reached XP level 13. HP: 74/102 MP: 0/0
 13479 | Lair:1   | Learned a level 5 spell: Arcjolt
 14593 | Lair:2   | Found a staircase to the Shoals.
 14605 | Lair:2   | Noticed an eight-headed hydra
 14762 | Lair:2   | Reached skill level 10 in Spellcasting
 14762 | Lair:2   | Reached skill level 10 in Conjurations
 14762 | Lair:2   | Reached skill level 10 in Hexes
 14762 | Lair:2   | Reached skill level 10 in Summonings
 14762 | Lair:2   | Reached skill level 10 in Necromancy
 14762 | Lair:2   | Reached skill level 10 in Translocations
 14762 | Lair:2   | Reached skill level 10 in Fire Magic
 14762 | Lair:2   | Reached skill level 10 in Ice Magic
 14762 | Lair:2   | Reached skill level 10 in Air Magic
 14762 | Lair:2   | Reached skill level 10 in Alchemy
 14911 | Lair:2   | Reached skill level 13 in Earth Magic
 15552 | Lair:2   | Killed an eight-headed hydra
 15844 | Lair:3   | Found a sparkling altar of Nemelex Xobeh.
 16061 | Lair:3   | Found a staircase to the Snake Pit.
 16210 | Lair:3   | Reached XP level 14. HP: 62/111 MP: 0/0
 17435 | Lair:4   | Reached skill level 1 in Staves
 17435 | Lair:4   | Reached skill level 1 in Evocations
 18500 | D:11     | Found a frozen archway.
 18504 | IceCv    | Entered an ice cave
 18646 | IceCv    | Reached skill level 5 in Evocations
 18772 | IceCv    | Reached skill level 5 in Staves
 18811 | IceCv    | Reached skill level 14 in Earth Magic
 19625 | D:11     | Noticed Erolcha
 19627 | D:11     | Reached XP level 15. HP: 118/118 MP: 0/0
 19627 | D:11     | Learned a level 6 spell: Dispersal
 19638 | D:11     | Killed Erolcha
 20409 | D:12     | Noticed Frances
 20431 | D:12     | Killed Frances
 20508 | D:12     | Noticed Azrael
 20512 | D:12     | Killed Azrael
 20821 | D:12     | Noticed Nergalle
 20830 | D:12     | Killed Nergalle
 20919 | D:12     | Noticed Sonja
 20927 | D:12     | Killed Sonja
 20981 | D:12     | Reached skill level 1 in Shields
 20981 | D:12     | Reached skill level 15 in Earth Magic
 21315 | D:12     | Found Sinoegigo's Pet Rocks.
 21408 | D:13     | Identified the +0 halberd "Etuintech" {flame, rElec Will-
                  | Int-5 Dex+4}
 21445 | D:13     | Identified the +9 spear of Ypypp {freeze, Fly MP+9}
 21476 | D:13     | Found a gate to the Vaults.
 22012 | D:13     | Noticed Snorg
 22021 | D:13     | Killed Snorg
 22033 | D:13     | Found Timol's Jewellery Shoppe.
 22757 | D:15     | Entered Level 15 of the Dungeon
 22780 | D:15     | Reached skill level 5 in Shields
 22955 | D:15     | Reached skill level 16 in Earth Magic
 22971 | D:15     | Reached skill level 15 in Fighting
 23145 | D:15     | Reached XP level 16. HP: 61/126 MP: 0/0
 23221 | D:15     | Found a staircase to the Depths.
 23234 | D:15     | Identified the +1 robe of a treasure trove {rPois}
 23905 | Orc:1    | Entered Level 1 of the Orcish Mines
 23905 | Orc:1    | Noticed Urug
 23909 | Orc:1    | Killed Urug
 24168 | Orc:1    | Found a runed translucent gate.
 24168 | Orc:1    | Found a runed translucent gate.
 24170 | Orc:1    | Found a runed translucent gate.
 24173 | Orc:1    | Noticed kernmantle's ghost (journeyman OpWn)
 24173 | Orc:1    | Noticed Rygut's ghost (journeyman DrFi)
 24296 | Orc:2    | Entered Level 2 of the Orcish Mines
 24296 | Orc:2    | Noticed Josephine
 24296 | Orc:2    | Found a staircase to the Elven Halls.
 24302 | Orc:2    | Killed Josephine
 24425 | Orc:2    | Reached skill level 15 in Dodging
 24432 | Orc:2    | Noticed Jorgrun
 24440 | Orc:2    | Killed Jorgrun
 24547 | Orc:2    | Reached skill level 17 in Earth Magic
 24641 | Orc:2    | Found Olotun's Antique Weapon Shoppe.
 24653 | Orc:2    | Found Soerchy's Antique Armour Boutique.
 24656 | Orc:2    | Found Sihir's Antique Weapon Emporium.
 24662 | Orc:2    | Found Cetworub's Magic Scroll Shoppe.
 24681 | Orc:2    | Bought a scroll of acquirement for 676 gold pieces
 24681 | Orc:2    | Acquired a manual of Conjurations
 25432 | Orc:1    | Found an iron altar of Okawaru.
 25849 | Lair:5   | Entered Level 5 of the Lair of Beasts
 25850 | Lair:5   | Found a dark tunnel.
 25873 | Volcano  | Entered a volcano
 26451 | Lair:5   | Reached XP level 17. HP: 115/133 MP: 0/0
 26451 | Lair:5   | Learned a level 7 spell: Orb of Destruction
 26461 | Lair:5   | Reached skill level 15 in Ice Magic
 26618 | Lair:5   | Found a staircase to the Slime Pits.
 27466 | Lair:5   | Found a corrupted altar of Lugonu.
 27468 | Lair:5   | Found a one-way gate to the infinite horrors of the Abyss.
 27546 | Lair:5   | Found the +8 lance "Wyrmbane" {slay drac, rPois rF+ rC+
                  | AC+3}
 28163 | Shoals:1 | Entered Level 1 of the Shoals
 28204 | Shoals:1 | Reached skill level 18 in Earth Magic
 28478 | Shoals:1 | Reached skill level 15 in Conjurations
 28817 | Shoals:1 | Reached skill level 19 in Earth Magic
 29340 | Shoals:2 | Identified the maw talisman "Laic" {rPois rF- rC++ rCorr}
 29544 | Shoals:2 | Noticed Roxanne
 29551 | Shoals:2 | Killed Roxanne
 30294 | Shoals:2 | Reached skill level 15 in Spellcasting
 30294 | Shoals:2 | Reached skill level 15 in Hexes
 30294 | Shoals:2 | Reached skill level 15 in Summonings
 30294 | Shoals:2 | Reached skill level 15 in Necromancy
 30294 | Shoals:2 | Reached skill level 15 in Translocations
 30294 | Shoals:2 | Reached skill level 15 in Fire Magic
 30294 | Shoals:2 | Reached skill level 15 in Air Magic
 30294 | Shoals:2 | Reached skill level 15 in Alchemy
 30330 | Shoals:3 | Noticed Nikola
 30336 | Shoals:3 | Found a runed translucent gate.
 30336 | Shoals:3 | Found a runed translucent gate.
 30336 | Shoals:3 | Found a runed translucent gate.
 30347 | Shoals:3 | Killed Nikola
 30348 | Shoals:3 | Reached skill level 20 in Earth Magic
 30348 | Shoals:3 | Reached XP level 18. HP: 81/141 MP: 0/0
 30425 | Shoals:3 | Noticed Glennnyy's ghost (adept GrFi)
 30645 | Shoals:3 | Noticed Polyphemus
 30839 | Shoals:3 | Killed Polyphemus
 31100 | Shoals:3 | Noticed Mara
 31101 | Shoals:3 | Noticed Zeia's illusion
 31111 | Shoals:3 | Killed Mara
 31261 | Shoals:3 | Reached skill level 21 in Earth Magic
 31262 | Shoals:3 | Noticed Ilsuiw
 31291 | Shoals:3 | Killed Ilsuiw
 31778 | Shoals:3 | Identified the +5 hat "Fudemy" {rPois Int+3}
 31787 | Shoals:3 | Killed Glennnyy's ghost
 31970 | Shoals:4 | Entered Level 4 of the Shoals
 32189 | Shoals:4 | Reached skill level 22 in Earth Magic
 32215 | Shoals:4 | Found a flickering gateway to a bazaar.
 32232 | Bazaar   | Entered a bazaar
 32341 | Bazaar   | Found Heub's Assorted Antiques.
 32341 | Bazaar   | Found Jileow's Antique Armour Shoppe.
 32363 | Bazaar   | Found Metrez's Jewellery Emporium.
 32449 | Bazaar   | Bought an embroidered cloak for 210 gold pieces
 32489 | Bazaar   | Bought a glowing kite shield for 210 gold pieces
 32520 | Bazaar   | Bought the ring of Wuzuav {+Blink rC- Will+++ Str-2 Int+6}
                  | for 801 gold pieces
 32873 | Shoals:4 | Reached XP level 19. HP: 113/147 MP: 0/0
 32873 | Shoals:4 | Learned a level 7 spell: Monstrous Menagerie
 32926 | Shoals:4 | Got a barnacled rune of Zot
 33823 | Snake:1  | Entered Level 1 of the Snake Pit
 33826 | Snake:1  | Noticed Asterion
 33835 | Snake:1  | Identified the serpent talisman of Ucivenah {Will- rCorr
                  | Str+9}
 33835 | Snake:1  | Noticed Aizul
 33888 | Snake:1  | Killed Asterion
 33889 | Snake:1  | Killed Aizul
 33890 | Snake:1  | Reached skill level 23 in Earth Magic
 34019 | Snake:1  | Found Qischy's Antique Armour Emporium.
 34210 | Snake:1  | Noticed Louise
 34213 | Snake:1  | Killed Louise
 34250 | Snake:1  | Found a large runed translucent door.
 34250 | Snake:1  | Found a large runed translucent door.
 34265 | Snake:1  | Noticed Akuuror's ghost (adept GrFi)
 34591 | Snake:1  | Found Felaof's CLEARANCE SALE!.
 35076 | Snake:2  | Noticed Vashnia
 35208 | Snake:2  | Killed Vashnia
 35293 | Snake:2  | Identified the +5 broad axe of the Eternal Void {heavy,
                  | rN+}
 36006 | Snake:2  | Noticed Mlioglotl
 36012 | Snake:2  | Killed Mlioglotl
 36104 | Snake:2  | Reached XP level 20. HP: 149/157 MP: 0/0
 36755 | D:1      | Bought the +1 plate armour of Uvom {Regen+} for 490 gold
                  | pieces
 37074 | Snake:1  | Bought a glowing ring mail for 126 gold pieces
 37076 | Snake:1  | Bought a runed ring mail for 126 gold pieces
 37373 | Snake:3  | Reached skill level 10 in Armour
 37461 | Snake:3  | Identified the +8 morningstar "Qeliacaq" {freeze, rCorr}
 37662 | Snake:3  | Found Goaschiocw's Antique Weapon Shop.
 37662 | Snake:3  | Found Onwuosk's Weapon Boutique.
 37664 | Snake:3  | Found Aggyiqog's Armour Boutique.
 37665 | Snake:3  | Found Nosen's Distillery.
 37736 | Snake:3  | Reached skill level 24 in Earth Magic
 38009 | Snake:4  | Entered Level 4 of the Snake Pit
 38872 | Snake:4  | Identified the ring "Biastenn" {Wiz Dex+2}
 39529 | Snake:4  | Reached XP level 21. HP: 162/165 MP: 0/0
 39529 | Snake:4  | Learned a level 8 spell: Discord
 39722 | Snake:4  | Got a serpentine rune of Zot
 40653 | Vaults:1 | Entered Level 1 of the Vaults
 40934 | Vaults:1 | You are sucked into a shaft and drop 1 floor!
 42048 | Vaults:1 | Reached skill level 10 in Shields
 42238 | Vaults:1 | Noticed Donald
 43348 | Vaults:2 | Reached XP level 22. HP: 138/171 MP: 0/0
 44681 | Vaults:3 | Found a staircase to the Crypt.
 45101 | Vaults:3 | Found Toapam's Magic Scroll Shoppe.
 46279 | Vaults:4 | Reached skill level 15 in Shields
 46663 | Vaults:4 | Noticed a golden dragon
 46672 | Vaults:4 | Reached XP level 23. HP: 109/180 MP: 0/0
 46672 | Vaults:4 | Learned a level 7 spell: Haunt
 46847 | Vaults:4 | Killed a golden dragon
 46910 | Vaults:4 | Identified the ring of Uniuntib {rF+ rN+}
 47483 | Vaults:5 | Entered Level 5 of the Vaults
 47663 | Vaults:5 | Slain by a frost giant

Illustrated notes

Levels and vault maps discovered:
D:1:      sevenhm_arrival_forest_fort_small_4, layout_rooms, serial_shops, shop,
          shop, nicolae_shop_window_shopping, nicolae_shop_behind_doors, shop
D:2:      layout_loops_corners, minmay_quadrilaterals
D:3:      layout_loops_ring, mainiacjoe_overflow_six_doors_small, serial_shops,
          nicolae_shop_advertising_works [nicolae_subvault_shop_adworks]
D:4:      layout_basic, hellmonk_sif_muna_bookshelves,
          nzn_hepliaklqana_mist_gate, serial_bayou, serial_bayou_lagoon_a,
          serial_bayou_shore_a, serial_bayou_lagoon_b, serial_bayou_shore_b,
          serial_bayou_pond_b, serial_bayou_pond_d, enter_ossuary_2,
          abandoned_shop, minmay_manual_monolith, uniq_grinder,
          uniq_blork_the_orc
D:5:      layout_rooms, mainiacjoe_overflow_brackets,
          minmay_temple_entry_statues_fountains, minmay_shop_damaged
D:6:      layout_basic, general_overflow_altar
D:7:      layout_basic, mainiacjoe_overflow_cross_hatched, chequers_avenue,
          nrook_uturn
D:8:      layout_rooms
D:9:      bobbens_index_wilting_gardens, layout_cross, grunt_gozag_breadcrumbs,
          hiddenorc1_lemuel, serial_shops, nicolae_shop_real_fake_doors
D:10:     layout_loops_ring, kennysheep_mini_moat, erik_lair_orcish_takeover,
          fungi_pond_lemuel, uniq_lodul, uniq_psyche
D:11:     layout_irregular_city, portal_ice_cave_entry_pillars_1, uniq_erolcha
D:12:     layout_basic, minmay_misc_feat_tower, guppyfry_shop_earth,
          uniq_nergalle, uniq_frances, uniq_sonja, uniq_azrael
D:13:     layout_small_grid, hellmonk_vaults_attempted_burglary, serial_shops,
          nicolae_shop_waterfront, serial_rivers,
          chequers_serial_rivers_micro_d, chequers_serial_rivers_small_3,
          chequers_serial_rivers_small_3, chequers_serial_rivers_marsh,
          chequers_serial_rivers_large_b, chequers_serial_rivers_micro_d,
          uniq_snorg
D:14:     layout_roguey, kennysheep_boxes, st_stairs_4, drop_trap
D:15:     hangedman_depths_entry_try_elsewhere_first, layout_basic,
          minmay_misc_feat_more_columns
Temple:   nicolae_temple_ecumenical_triangle
Lair:1:   layout_hall_layers, serial_bayou_shore_b, grunt_megastairs_4,
          lemuel_fruit_tree
Lair:2:   layout_misc_corridors, elwin_shoals_entry_rocks,
          infiniplex_staircase_pool
Lair:3:   layout_small_grid, minmay_snake_entry_guardpost_small, basic_altar
Lair:4:   layout_cave_pods
Lair:5:   hellmonk_lair_end_abyssal_woods, layout_small_grid,
          nicolae_slime_entry_slimehenge, enter_volcano_4
Shoals:1: layout_shoals, overgrown_statue
Shoals:2: nicolae_shoals_aurelia_aurita, layout_shoals,
          nicolae_shoals_the_drawing_of_the_three, uniq_roxanne
Shoals:3: layout_shoals, gammafunk_ghost_tricky_traps, uniq_polyphemus,
          uniq_ilsuiw, uniq_mara, uniq_nikola
Shoals:4: shoals_end_simple, layout_shoals, serial_shops, bzr_in_the_mist,
          nicolae_shoals_arrival_archipelago
Snake:1:  layout_misc_corridors, ebering_ghost_disaster_area, serial_shops,
          shop_statue, serial_bayou_pond_e, nicolae_shop_clearance, uniq_louise,
          uniq_aizul, uniq_asterion
Snake:2:  layout_layer_cave, nicolae_zig_zag_zippers, grunt_megastairs_1,
          uniq_vashnia, uniq_mlioglotl
Snake:3:  layout_onion, minmay_shoptagon
Snake:4:  johnstein_snake_rune_scales, layout_cave_town
Orc:1:    layout_caves, gammafunk_ghost_cemetery, okawaru_metal_pillars_1_2,
          uniq_urug
Orc:2:    st_orc_open, layout_caves, basic_altar, mines1_david, uniq_josephine,
          uniq_jorgrun
Vaults:1: nicolae_vaults_doubleplus_tesselated,
          nicolae_vaults_crenellated_ambush, nicolae_vaults_turnstiles,
          vaults_mumra_hexcomb, ontoclasm_vaults_eye, nicolae_vaults_asterisk,
          v_pattern_4, nicolae_vaults_shelves_hall, layout_vaults_omnigrid,
          uniq_donald
Vaults:2: vaults_dpeg_cross, nicolae_vaults_inception_statues,
          ontoclasm_vaults_chip, lightli_church_of_beogh,
          nicolae_vaults_specimen_jars, nicolae_vaults_double_plus_1, v_misc_19,
          nicolae_vaults_trapezoid_lopsided_1, vaults_mumra_minichess,
          nicolae_vaults_layer_cake_slice, nicolae_vaults_house_1,
          nicolae_vaults_tetromino_Z_2, layout_vaults_maze_bifur
Vaults:3: minmay_crypt_entry_vampire_xt, nicolae_vaults_weapon_check,
          ontoclasm_vaults_gateway, nicolae_vaults_swerve, vaults_room_grid,
          nicolae_vaults_sealed_display, nicolae_vaults_house_2,
          ontoclasm_vaults_chip, ontoclasm_vaults_bender, vaults_room_corners,
          nicolae_vaults_mini_display_case, layout_vaults_ring, serial_shops,
          nicolae_shop_rolled_up
Vaults:4: dpeg_vaults_hating_casters, vaults_room_fours,
          nicolae_vaults_heart-shaped_vault, nicolae_vaults_trapezoid_4,
          nicolae_vaults_border_crossing, nicolae_vaults_trapezoid_4,
          v_alt_pattern_2, v_rooms_3, nicolae_vaults_sightless_eye,
          layout_vaults_big_room
Vaults:5

Skill      XL: |  1  2  3  4  5  6  7  8  9 10 11 12 13 14 15 16 17 18 19 20 21 22 23 |
---------------+----------------------------------------------------------------------+-----
Fighting       | 1 2 3 4 5 6 7 9 11 12 13 14 15 16 17 18 20 | 20.0
Spellcasting   | 4 5 6 7 8 9 10 11 12 13 15 17 18 | 18.6
Conjurations   | 4 5 6 7 8 9 10 11 12 13 16 20 21 22 | 22.5
Hexes          | 4 5 6 7 8 9 10 11 12 13 15 17 18 | 18.6
Summonings     | 4 5 6 7 8 9 10 11 12 13 15 17 18 | 18.6
Necromancy     | 4 5 6 7 8 9 10 11 12 13 15 17 18 | 18.6
Translocations | 4 5 6 7 8 9 10 11 12 13 15 17 18 | 18.6
Fire Magic     | 4 5 6 7 8 9 10 11 12 13 15 17 18 | 18.6
Ice Magic      | 4 5 6 7 8 9 10 11 13 14 18 21 22 23 | 23.3
Air Magic      | 4 5 6 7 8 9 10 11 12 13 15 17 18 | 18.6
Earth Magic    | 4 5 6 8 10 12 13 14 16 17 20 22 23 24 | 24.7
Alchemy        | 4 5 6 7 8 9 10 11 12 13 15 17 18 | 18.6
Dodging        | 3 4 6 7 9 11 12 13 14 15 16 | 16.4
Short Blades   | 2 |  2.0
Armour         | 5 6 9 11 | 11.4
Staves         | 5 |  5.9
Evocations     | 5 6 |  6.5
Shields        | 5 12 15 16 | 16.5
Stealth        | |  1.5

Action                     |  1- 3 |  4- 6 |  7- 9 | 10-12 | 13-15 | 16-18 | 19-21 | 22-24 || total
---------------------------+-------+-------+-------+-------+-------+-------+-------+-------++-------
  Melee: Unarmed           |       |     7 |     3 |       |       |       |       |       ||    10
         Rapier            |       |       |     7 |    41 |       |       |       |       ||    48
         Staff             |       |       |       |     1 |     9 |    10 |    16 |       ||    36
         Punch             |       |       |       |     1 |       |       |       |       ||     1
   Cast: Magic Dart        |    59 |    80 |    86 |    35 |     3 |       |       |       ||   263
         Shock             |     2 |     6 |       |       |     4 |       |       |       ||    12
         Iskenderun's Myst |       |     1 |     2 |    32 |     5 |     1 |     4 |     1 ||    46
         Fulminant Prism   |       |     7 |    19 |   100 |    69 |    36 |     4 |       ||   235
         Summon Ice Beast  |       |       |    40 |    63 |    71 |     7 |       |       ||   181
         Vampiric Draining |       |       |     4 |     3 |       |       |       |       ||     7
         Ensorcelled Hiber |       |       |       |     1 |       |       |       |       ||     1
         Silence           |       |       |       |     1 |     1 |     1 |       |       ||     3
         Arcjolt           |       |       |       |       |   278 |   426 |   413 |   189 ||  1306
         Searing Ray       |       |       |       |       |     2 |       |       |       ||     2
         Orb of Destructio |       |       |       |       |       |    54 |   141 |    67 ||   262
         Dispersal         |       |       |       |       |       |     2 |     9 |     2 ||    13
         Monstrous Menager |       |       |       |       |       |       |     5 |       ||     5
         Haunt             |       |       |       |       |       |       |       |     1 ||     1
         Discord           |       |       |       |       |       |       |       |     1 ||     1
 Invoke: Potion Petition   |       |       |       |       |     1 |       |       |     1 ||     2
         Call Merchant     |       |       |       |       |       |     2 |     1 |       ||     3
  Evoke: Wand              |       |       |       |       |     8 |     1 |       |       ||     9
    Use: Potion            |       |     1 |       |     2 |       |     1 |     1 |     2 ||     7
         Scroll            |       |     8 |     6 |    11 |     6 |     7 |     1 |     4 ||    43
   Stab: Confused          |       |       |       |       |       |       |     1 |       ||     1
 Armour: Robe              |     3 |    28 |    47 |   138 |   179 |   176 |    83 |       ||   654
         Ring mail         |       |       |       |       |       |       |   169 |    71 ||   240
  Dodge: Dodged            |     2 |    24 |    63 |   196 |   231 |   247 |   118 |    22 ||   903
  Block: Buckler           |       |       |       |       |    56 |    85 |       |       ||   141
         Kite shield       |       |       |       |       |       |     8 |   143 |     7 ||   158
         Tower shield      |       |       |       |       |       |       |       |    86 ||    86
         Reflection        |       |       |       |       |       |       |       |    28 ||    28
